 Dungeon Crawl Stone Soup version 0.26.0-45-g9c1d065592 (webtiles) character file.

Game seed: 4598130506265409555

99374 Qrupt the Unseen (level 16, -5/151 HPs)
             Began as a Naga Ice Elementalist on Jan 27, 2021.
             Was the Champion of Ashenzari.
             Killed from afar by a shock serpent (23 damage)
             ... with a bolt of electricity
             ... on level 3 of the Snake Pit on Jan 29, 2021.
             The game lasted 02:18:40 (36521 turns).

Qrupt the Unseen (Naga Ice Elementalist)           Turns: 36521, Time: 02:18:41

Health: -5/151     AC: 19    Str: 11    XL:     16   Next: 24%
Magic:  26/31      EV: 16    Int: 22    God:    Ashenzari [******]
Gold:   3161       SH:  7    Dex: 12    Spells: 11/38 levels left

rFire    + + .     SeeInvis +   y - +5 long sword (drain) (curse)
rCold    + . .     Faith    .   h - +2 buckler {rC+ rF+} (curse)
rNeg     . . .     Spirit   .   Q - +2 robe {Will+} (curse)
rPois    +         Reflect  .   (no helmet)
rElec    .         Harm     .   C - +2 cloak (curse)
rCorr    .         Rampage  .   U - +3 pair of gloves of the Moon Troll {rPois} (curse)
Will     +++..     Clarity  +   (no barding)
Stlth    +++++++...             l - amulet of magic regeneration (curse)
HPRegen  0.35/turn              B - ring of protection from fire
MPRegen  0.47/turn              F - +4 ring of protection (curse)

@: very slow
A: large, see invisible, deformed body, poison resistance, slowness 2, spit
poison 1, constrict 1, AC +5
a: Spit Poison, Renounce Religion, Curse Item, Scrying, Transfer Knowledge


You were on level 3 of the Snake Pit.
You worshipped Ashenzari.
Ashenzari was exalted by your worship.
You visited 6 branches of the dungeon, and saw 26 of its levels.
You also visited: Ice Cave.

You collected 3484 gold pieces.
You spent 323 gold pieces at shops.

Inventory:

Hand Weapons
 y - a cursed +5 long sword of draining (weapon)
Missiles
 L - 10 poisoned darts (quivered)
 N - 2 throwing nets
Armour
 h - a cursed +2 buckler of resistance (worn)
 w - the +1 chain mail of Qazlal's Outrage {rN+ Str+3 Int+3}
   (You bought it in a shop on level 1 of the Snake Pit)

   It affects your strength (+3).
   It affects your intelligence (+3).
   It protects you from negative energy.
 C - a cursed +2 cloak (worn)
 Q - a cursed +2 robe of willpower (worn)
 U - the cursed +3 pair of gloves of the Moon Troll (worn) {rPois}
   (You found it on level 6 of the Lair of Beasts)

   It protects you from poison.
   It has a curse placed upon it.
Magical Staves
 r - an uncursed staff of fire
Jewellery
 f - an uncursed ring of flight
 l - a cursed amulet of magic regeneration (around neck)
 B - a ring of protection from fire (left hand)
 F - a cursed +4 ring of protection (right hand)
 G - an uncursed ring of protection from fire
 H - an uncursed ring of protection from cold
 J - an uncursed ring of positive energy
 V - an uncursed amulet of regeneration
 W - an uncursed ring of ice
Wands
 m - a wand of acid (3)
 n - a wand of flame (56)
 o - a wand of disintegration (11)
 s - a wand of iceblast (50)
 I - a wand of paralysis (21)
 R - a wand of digging (8)
Scrolls
 a - 6 scrolls of remove curse
 i - 2 scrolls of fog
 j - 5 scrolls of blinking
 p - 4 scrolls of magic mapping
 q - 5 scrolls of immolation
 v - 4 scrolls of amnesia
 D - 8 scrolls of teleportation
 S - a scroll of identify
 X - 2 scrolls of fear
Potions
 b - 2 potions of berserk rage
 c - 2 potions of magic
 d - 6 potions of curing
 e - 4 potions of brilliance
 k - 2 potions of haste
 t - 3 potions of cancellation
 u - 2 potions of invisibility
 x - 2 potions of resistance
 z - 7 potions of attraction
 A - a potion of might
 E - 3 potions of flight
 K - 3 potions of lignification
 O - 2 potions of mutation
 Y - 3 potions of heal wounds
Miscellaneous
 P - a condenser vane


   Skills:
 + Level 11.6 Fighting
 - Level 1.5(4.5) Long Blades
 - Level 1.1 Staves
 + Level 2.9 Armour
 - Level 9.5(12.3) Dodging
 + Level 17.3(19.7) Stealth
 - Level 4.0(6.8) Shields
 + Level 11.8 Spellcasting
 - Level 2.0(4.2) Summonings
 + Level 4.2(7.1) Necromancy
 + Level 6.9(10.0) Transmutations
 - Level 12.0(14.7) Ice Magic
 + Level 6.3(9.4) Earth Magic


You had 11 spell levels left.
You knew the following spells:

 Your Spells              Type           Power        Failure   Level
a - Freeze                Ice            100%         0%          1
b - Frozen Ramparts       Ice            100%         1%          3
c - Ozocubu's Armour      Ice            67%          1%          3
d - Summon Ice Beast      Ice/Summ       53%          1%          4
e - Ice Form              Ice/Tmut       61%          1%          4
f - Statue Form           Tmut/Erth      36%          14%         6
g - Simulacrum            Ice/Necr       28%          9%          6

Your spell library contained the following spells:

 Spells                   Type           Power        Failure   Level
 Animate Skeleton         Necr           88%          1%          1
 Beastly Appendage        Tmut           100%         1%          1
 Summon Small Mammal      Summ           100%         1%          1
 Call Imp                 Summ           31%          1%          2
 Wereblood                Tmut           54%          1%          2
 Spider Form              Tmut/Pois      17%          1%          3
 Petrify                  Tmut/Erth      54%          1%          4
 Ozocubu's Refrigeration  Ice            33%          1%          6
 Hailstorm                Conj/Ice       46%          2%          4
 Blade Hands              Tmut           27%          2%          5
 Ignite Poison            Fire/Tmut/Pois 28%          3%          3
 Apportation              Tloc           28%          4%          1
 Corona                   Hex            15%          4%          1
 Foxfire                  Conj/Fire      56%          4%          1
 Magic Dart               Conj           56%          4%          1
 Blink                    Tloc           N/A          6%          2
 Slow                     Hex            14%          6%          2
 Metabolic Englaciation   Hex/Ice        23%          6%          5
 Confusing Touch          Hex            14%          13%         3
 Conjure Flame            Conj/Fire      14%          13%         3
 Gell's Gravitas          Tloc           7%           13%         3
 Inner Flame              Hex/Fire       14%          13%         3
 Mephitic Cloud           Conj/Pois/Air  14%          13%         3
 Tukima's Dance           Hex            14%          13%         3
 Yara's Violent Unravell  Hex/Tmut       17%          16%         5
 Cause Fear               Hex            7%           38%         4
 Sticky Flame             Conj/Fire      14%          38%         4
 Dragon Form              Tmut           27%          56%         7
 Freezing Cloud           Conj/Ice/Air   17%          67%         6
 Fireball                 Conj/Fire      7%           75%         5
 Dragon's Call            Summ           15%          100%        9


Dungeon Overview and Level Annotations

Branches:
Dungeon (13/15)            Temple (1/1) D:5            Lair (6/6) D:11
 Shoals (0/4) Lair:2        Snake (3/4) Lair:2        Slime (0/5) Lair:6
    Orc (2/2) D:9             Elf (1/3) Orc:2         IceCv (visited)
 Vaults: D:13-14

Altars:
Ashenzari
Cheibriados
Dithmenos
Elyvilon
Fedhas
Gozag
Hepliaklqana
Kikubaaqudgha
Makhleb
Nemelex Xobeh
Okawaru
Qazlal
Ru
Sif Muna
Trog
Uskayaw
Vehumet
Wu Jian
Xom
Yredelemnul
Zin
The Shining One
Beogh
Jiyva

Shops:
Orc:2 (}(?   Snake:1 [


Innate Abilities, Weirdness & Mutations

You cannot wear boots.
Your serpentine skin is tough. (AC +5)
You have supernaturally acute eyesight. (SInv)
Armour fits poorly on your strangely shaped body.
Your system is resistant to poisons. (rPois)
You cover ground very slowly.
You can spit poison.
You can use your snake-like lower body to constrict enemies.


Message History

Your ice beast hits the black mamba.
Your ice beast freezes the black mamba!
The black mamba seems to slow down.
You hit the black mamba.
The black mamba is almost dead.
You constrict the shock serpent.
The shock serpent's electric aura discharges, shocking you!
The shock serpent bites you. The shock serpent shocks you!
* * * LOW HITPOINT WARNING * * *
The black mamba barely misses you.
An anaconda comes into view.
Your ice beast barely misses the black mamba.
Your ice beast hits the black mamba.
Your ice beast freezes the black mamba!!
The black mamba seems to slow down.
The black mamba dies!
The shock serpent shoots out a bolt of lightning at you!
The bolt of electricity hits you!!
* * * LOW HITPOINT WARNING * * *
The bolt of electricity hits you!!
You die...

*#. ###)#..#.....######### *
#. * #)#..##..S..##.....## ,
# * #(#..#..............##* *
#.#..................# *,*
###.#..................# **∆
##........^.............# *
,**#..........Y.......†<...#
,**#.........Y.S............#
*
....#........@.............#
.####......#..............##
, #########.....##.....##
,*** ############## **


You could see an anaconda, a shock serpent and 2 friendly ice beasts.

Vanquished Creatures
  Agnes (Snake:3)
  Kirke (D:12)
  2 nagarajas (Snake:2)
  A frost giant (IceCv)
  Aizul (Snake:2)
  Fannar (Lair:2)
  5 hydras
  5 naga warriors
  Harold (Orc:1)
  2 two-headed ogres
  A boulder beetle (Lair:6)
  An alligator (Lair:6)
  2 shock serpents
  An orc high priest (Orc:2)
  5 death yaks
  2 sea snakes (Snake:2)
  A naga ritualist (Snake:1)
  An unseen horror (D:12)
  An orc knight (D:9)
  3 orc sorcerers
  A mana viper (Snake:1)
  5 deep elf magi
  An ugly thing (D:12)
  3 salamanders
  3 elephants (Lair:2)
  14 black mambas
  An ice statue (IceCv)
  4 naga magi
  9 cane toads
  3 rime drakes
  6 komodo dragons
  15 polar bears
  A troll (Orc:1)
  8 blink frogs
  2 dream sheep (D:8)
  A shadow (D:12)
  Sigmund (D:3)
  39 yaks
  A water elemental (D:12)
  2 wyverns
  2 hogs (D:12)
  A nameless horror (D:6)
  A basilisk (Lair:2)
  A steam dragon (Lair:2)
  Edmund (D:5)
  4 wargs (Lair:6)
  9 nagas
  15 water moccasins
  9 hell hounds (Lair:6)
  22 orc warriors
  Duvessa (D:7)
  7 black bears
  4 ice beasts
  2 sky beasts
  21 ogres
  3 necrophages
  9 centaurs
  23 wolves
  9 big kobolds
  12 bullfrogs
  A komodo dragon zombie (Lair:4)
  Dowan (D:7)
  4 scorpions
  5 killer bees (D:7)
  4 wights
  7 electric eels
  2 quasits
  A bullfrog zombie (D:12)
  A centaur zombie (D:5)
  7 hounds
  5 jellies
  38 orc wizards
  A basilisk zombie (Lair:4)
  4 gnoll shamans
  22 orc priests
  5 iguanas
  Ijyb (D:3)
  Crazy Yiuf (D:7)
  Terence (D:2)
  5 worker ants
  A hound skeleton (D:10)
  2 hound zombies (D:8)
  Robin (D:3)
  2 howler monkey zombies
  2 worker ant zombies
  A howler monkey skeleton (D:11)
  10 gnolls
  15 adders
  A shadow imp (D:10)
  3 ufetubi
  2 oozes
  An adder skeleton (D:4)
  A worm (D:2)
  3 leopard geckos
  73 orcs
  2 ball pythons
  4 bats
  2 giant cockroaches
  11 goblins
  14 hobgoblins
  4 jackals
  5 quokkas
  4 frilled lizards
  A jackal zombie (D:6)
  26 kobolds
  A leopard gecko skeleton (D:4)
  A leopard gecko zombie (D:8)
  5 rats
628 creatures vanquished.

Vanquished Creatures (collateral kills)
  Snorg (Orc:2)
  A fire dragon (Lair:6)
  6 hydras
  A naga warrior (Snake:1)
  A boulder beetle (Lair:4)
  A catoblepas (Lair:2)
  3 anacondas
  A two-headed ogre (D:12)
  A naga sharpshooter (Snake:2)
  3 shock serpents
  7 death yaks
  An orc high priest (Elf:1)
  Sonja (Lair:3)
  A salamander mystic (Snake:1)
  4 naga ritualists
  A wizard (D:10)
  A swamp dragon (Lair:6)
  A necromancer (Lair:4)
  3 mana vipers
  4 orc sorcerers (Orc:2)
  2 deep elf magi
  2 manticores
  4 salamanders
  11 black mambas
  4 naga magi
  4 cane toads
  5 rime drakes
  8 komodo dragons
  6 polar bears
  3 slime creatures (Lair:6)
  A wind drake (Lair:2)
  10 blink frogs
  A raiju (Lair:6)
  3 basilisks
  A wraith (D:11)
  3 steam dragons (Lair:6)
  24 yaks
  4 wargs
  An acid dragon (Lair:6)
  6 nagas
  7 water moccasins
  5 hell hounds (Lair:6)
  An eye of draining (D:9)
  10 orc warriors
  6 black bears (Lair:6)
  A swamp drake (Lair:6)
  2 elephant zombies (Lair:4)
  2 ogres (Orc:1)
  11 wolves
  3 bullfrogs
  2 wights (D:6)
  An electric eel (Lair:4)
  A basilisk zombie (Lair:4)
  9 orc priests
  3 iguanas (Lair:6)
  6 orc wizards
  2 gnolls (D:11)
  23 orcs
241 creatures vanquished.

Vanquished Creatures (others)
  A deep elf mage (Elf:1)
  A guardian serpent (Snake:1)
  A black bear (D:12)
  A sky beast (D:12)
  An orc wizard (Orc:2)
  5 orcs
  19 fungi
  92 plants
121 creatures vanquished.

Grand Total: 990 creatures vanquished

Notes
Turn   | Place    | Note
-------+----------+-------------------------------------------
     0 | D:1      | Qrupt the Naga Ice Elementalist began the quest for the
                  | Orb.
     0 | D:1      | Reached XP level 1. HP: 15/15 MP: 3/3
   127 | D:1      | Reached XP level 2. HP: 5/22 MP: 0/5
   944 | D:1      | Reached XP level 3. HP: 23/28 MP: 4/6
  1856 | D:1      | Learned a level 3 spell: Frozen Ramparts
  2312 | D:2      | Reached XP level 4. HP: 36/36 MP: 4/8
  2598 | D:3      | Noticed Terence
  2602 | D:3      | Noticed Ijyb
  2608 | D:2      | Killed Terence
  2627 | D:3      | Noticed Robin
  2737 | D:3      | Killed Robin
  2738 | D:3      | Reached skill level 1 in Shields
  2738 | D:3      | Reached skill level 5 in Ice Magic
  2873 | D:3      | Killed Ijyb
  2874 | D:3      | Reached XP level 5. HP: 28/42 MP: 3/9
  3124 | D:3      | Noticed Sigmund
  3134 | D:3      | Killed Sigmund
  3135 | D:3      | Reached XP level 6. HP: 47/50 MP: 5/11
  3246 | D:3      | Noticed a +0 dagger
  3246 | D:3      | Noticed a +0 hand axe
  3251 | D:3      | Found a hide-covered altar of Uskayaw.
  3631 | D:4      | Reached skill level 4 in Stealth
  3748 | D:4      | Learned a level 3 spell: Ozocubu's Armour
  3762 | D:4      | Reached XP level 7. HP: 33/56 MP: 7/13
  4185 | D:4      | Learned a level 4 spell: Summon Ice Beast
  4192 | D:5      | Entered Level 5 of the Dungeon
  4192 | D:5      | Found a broken altar of Ashenzari.
  4199 | D:5      | Became a worshipper of Ashenzari the Shackled
  4205 | D:5      | Found a staircase to the Ecumenical Temple.
  4791 | D:5      | Reached skill level 1 in Fighting
  4791 | D:5      | Reached skill level 5 in Spellcasting
  4791 | D:5      | Reached XP level 8. HP: 53/64 MP: 8/15
  4845 | D:5      | Noticed Edmund
  4867 | D:5      | Killed Edmund
  4868 | D:5      | Reached skill level 1 in Staves
  5551 | Temple   | Entered the Ecumenical Temple
  5765 | D:6      | Found a basalt altar of Yredelemnul.
  6012 | D:6      | Noticed a nameless horror
  6019 | D:6      | Found a stormy altar of Qazlal.
  6298 | D:7      | Reached skill level 5 in Stealth
  6417 | D:7      | Found a radiant altar of Vehumet.
  6434 | D:7      | HP: 2/66 [centaur/+0 quarterstaff (10)]
  6436 | D:7      | Reached skill level 1 in Summonings
  6711 | D:7      | Found a shadowy altar of Dithmenos.
  6790 | D:7      | Reached XP level 9. HP: 48/73 MP: 2/17
  7125 | D:7      | Reached skill level 6 in Stealth
  7275 | D:7      | Found a runed translucent door.
  7276 | D:7      | Noticed Crazy Yiuf
  7351 | D:7      | Found a sparkling altar of Nemelex Xobeh.
  7540 | D:7      | Killed Crazy Yiuf
  7907 | D:6      | Found a shimmering blue altar of Sif Muna.
  7909 | D:6      | Found an ancient bone altar of Kikubaaqudgha.
  7991 | D:6      | Found a hazy altar of Hepliaklqana.
  8172 | D:6      | Reached * piety under Ashenzari
  8314 | D:6      | Found a blossoming altar of Fedhas.
  8348 | D:6      | Killed a nameless horror
  8606 | D:8      | Reached skill level 7 in Stealth
  9095 | D:8      | Reached XP level 10. HP: 85/85 MP: 16/19
  9194 | D:8      | Reached skill level 8 in Stealth
  9390 | D:8      | Found a glowing silver altar of Zin.
  9461 | D:7      | Noticed Duvessa
  9461 | D:7      | Noticed Dowan
 10079 | D:8      | Noticed a three-headed hydra
 10088 | D:8      | Killed a three-headed hydra
 10089 | D:8      | Reached skill level 5 in Fighting
 10089 | D:8      | Reached skill level 9 in Stealth
 10354 | D:7      | Killed Duvessa
 10357 | D:7      | Killed Dowan
 10726 | D:9      | Identified the +4 short sword of Articulation {freeze,
                  | +Rage rN+}
 10807 | D:9      | Noticed a two-headed ogre
 10818 | D:9      | Killed a two-headed ogre
 10819 | D:9      | Reached skill level 5 in Dodging
 10819 | D:9      | Reached skill level 10 in Stealth
 10819 | D:9      | Reached XP level 11. HP: 43/97 MP: 12/22
 11214 | D:9      | Found a shimmering altar of Xom.
 12481 | D:9      | Found a staircase to the Orcish Mines.
 12748 | D:10     | Entered Level 10 of the Dungeon
 12748 | D:10     | Noticed a two-headed ogre
 12796 | Orc:1    | Entered Level 1 of the Orcish Mines
 13254 | Orc:1    | Noticed an orc knight
 13262 | Orc:1    | Noticed Harold
 13279 | Orc:1    | Noticed an orc sorcerer
 13280 | Orc:1    | Killed Harold
 13351 | D:10     | Noticed a wizard
 13351 | D:10     | Noticed a deep elf mage
 13352 | D:10     | Noticed a deep elf mage
 13357 | D:10     | Killed a deep elf mage
 13361 | D:10     | Noticed a deep elf mage
 13361 | D:10     | Killed a wizard
 13362 | D:10     | Reached skill level 11 in Stealth
 13707 | D:10     | Identified the Grimoire of Axaxaxas mlö
 13797 | D:10     | Identified Ts'ui Pên's Grimoire of Forking Paths
 13804 | D:10     | Identified the Grimoire of Sand
 14009 | D:10     | Learned a level 4 spell: Ice Form
 14058 | D:10     | Killed a deep elf mage
 14597 | D:10     | Killed a two-headed ogre
 14598 | D:10     | Reached skill level 1 in Transmutations
 14598 | D:10     | Reached skill level 10 in Ice Magic
 14936 | D:10     | Identified the +8 short sword "Urphiumunt" {vamp, Dex+3}
                  | (You found it on level 5 of the Dungeon)
 15129 | D:11     | Reached ** piety under Ashenzari
 15389 | D:11     | Found a staircase to the Lair.
 15407 | D:11     | Noticed a four-headed hydra
 15419 | D:11     | Killed a four-headed hydra
 15743 | D:11     | Reached XP level 12. HP: 109/109 MP: 19/24
 16352 | D:11     | Reached skill level 12 in Stealth
 16986 | D:12     | Reached *** piety under Ashenzari
 17671 | D:12     | Noticed a two-headed ogre
 17680 | D:12     | Killed a two-headed ogre
 17805 | D:12     | Noticed Kirke
 17812 | D:12     | Killed Kirke
 18035 | D:12     | Found a blossoming altar of Fedhas.
 18428 | Lair:1   | Entered Level 1 of the Lair of Beasts
 18681 | Lair:1   | Reached skill level 13 in Stealth
 18866 | Lair:1   | Reached **** piety under Ashenzari
 19545 | Lair:2   | Found a frozen archway.
 19565 | IceCv    | Entered an ice cave
 20096 | IceCv    | Gained mutation: You can use your snake-like lower body to
                  | constrict enemies. [Naga growth]
 20096 | IceCv    | Reached XP level 13. HP: 83/118 MP: 14/26
 20917 | IceCv    | Noticed a frost giant
 20931 | IceCv    | Reached skill level 14 in Stealth
 20963 | IceCv    | Killed a frost giant
 21637 | Lair:2   | Noticed Fannar
 21657 | Lair:2   | Killed Fannar
 21797 | Lair:2   | Reached skill level 10 in Spellcasting
 22501 | Lair:2   | Found a staircase to the Shoals.
 22763 | Lair:2   | Found a staircase to the Snake Pit.
 23240 | Lair:2   | Reached XP level 14. HP: 87/130 MP: 14/28
 23713 | Lair:3   | Reached skill level 15 in Stealth
 23795 | Lair:3   | Reached ***** piety under Ashenzari
 23890 | Lair:3   | Noticed Sonja
 23904 | Lair:3   | Killed Sonja
 24207 | Lair:4   | Learned a level 6 spell: Statue Form
 24304 | Lair:4   | Reached skill level 10 in Fighting
 24334 | Lair:4   | Reached skill level 1 in Earth Magic
 26407 | Lair:6   | Entered Level 6 of the Lair of Beasts
 27322 | Lair:6   | Found a broken altar of Ashenzari.
 28117 | Lair:6   | Reached skill level 16 in Stealth
 28201 | Lair:6   | Reached XP level 15. HP: 90/140 MP: 9/30
 28205 | Lair:6   | Identified the +3 pair of gloves of the Moon Troll {rPois}
 28582 | Lair:6   | Reached ****** piety under Ashenzari
 28693 | Lair:6   | Found a staircase to the Slime Pits.
 28703 | Lair:6   | Reached skill level 5 in Transmutations
 29084 | Lair:6   | Identified 2 scrolls of acquirement
 29085 | Lair:6   | Acquired 961 gold pieces
 29086 | Lair:6   | Acquired a cursed staff of cold
 29322 | Lair:6   | Learned a level 6 spell: Simulacrum
 30222 | Orc:2    | Entered Level 2 of the Orcish Mines
 30239 | Orc:2    | Noticed Snorg
 30248 | Orc:2    | Killed Snorg
 30442 | Orc:2    | Found a bloodstained altar of Trog.
 30624 | Orc:2    | Reached skill level 1 in Necromancy
 30988 | Orc:2    | Reached skill level 1 in Long Blades
 31043 | Orc:2    | Found Giuz's Gadget Shoppe.
 31047 | Orc:2    | Found Xyck's Antique Weapon Shoppe.
 31050 | Orc:2    | Found Kellehowoy's Weapon Emporium.
 31053 | Orc:2    | Found Vooffem's Magic Scroll Emporium.
 31154 | Orc:2    | Found a roughly hewn altar of Beogh.
 31156 | Orc:2    | Found a staircase to the Elven Halls.
 31665 | Elf:1    | Entered Level 1 of the Elven Halls
 32652 | Snake:1  | Entered Level 1 of the Snake Pit
 32652 | Snake:1  | Found Jafets's Antique Armour Boutique.
 32671 | Snake:1  | Bought a faintly glowing chain mail for 323 gold pieces
 32671 | Snake:1  | Identified the +1 chain mail of Qazlal's Outrage {rN+ Str+3
                  | Int+3} (You bought it in a shop on level 1 of the Snake
                  | Pit)
 32753 | Snake:1  | Reached skill level 5 in Earth Magic
 33264 | Snake:1  | Reached skill level 1 in Armour
 34812 | Snake:2  | Noticed Aizul
 34824 | Snake:2  | Killed Aizul
 35068 | Snake:2  | Noticed a nagaraja
 35106 | Snake:2  | Killed a nagaraja
 35153 | Snake:2  | Reached skill level 17 in Stealth
 35305 | Snake:2  | Noticed a nagaraja
 35359 | Snake:2  | Killed a nagaraja
 35820 | Snake:2  | Reached XP level 16. HP: 151/151 MP: 26/31
 36298 | Snake:3  | Noticed Agnes
 36412 | Snake:3  | Killed Agnes
 36521 | Snake:3  | Killed from afar by a shock serpent

Illustrated notes

Levels and vault maps discovered:
D:1:      lightli_arrival_quake, layout_loops_ring
D:2:      lemuel_upstairs_altar, layout_basic
D:3:      layout_loops_ring, dancing_weapons_uskayaw, serial_glass,
          glass_columns_a, glass_columns_c, minmay_strange_pillars,
          due_unseen_surprise, minmay_strange_pillars, item_on_display_a,
          chequers_serial_rivers_marsh, uniq_sigmund, uniq_robin, uniq_terence,
          uniq_ijyb
D:4:      layout_rooms, eino_curves_03
D:5:      cheibrodos_helix_gallery, layout_loops_cross,
          overflow_temple_1_default, minmay_temple_entry_ruins, uniq_edmund
D:6:      layout_loops_corners, yredelemnul_altar_generic,
          grunt_qazlal_sundering, grunt_temple_overflow_cloverleaf
D:7:      layout_rooms, lemuel_crystal_altar, nicolae_overflow_hidden_temple,
          vehumet_altar_wand_db, amcnicky_mini_rare_corridor_liquid,
          uniq_crazy_yiuf_cottage, uniq_duvessa
D:8:      hangedman_cross_stitches, layout_basic, zin_treasury, hangedman_ranch
          [blue_anna_fruit_fields]
D:9:      layout_small_grid, lemuel_round_altar, erik_orc_2
D:10:     layout_roguey, bh_hangedman_babel_library
D:11:     kennysheep_seaside_town, layout_irregular_city, lair_entry_dummy
D:12:     layout_irregular_city, basic_altar, serial_bayou_lagoon_b, uniq_kirke
D:13:     layout_roguey, enter_trove_0, grunt_decor_resistance
Temple:   pf_slime_end_temple
Lair:1:   layout_cave_shapes, serial_bayou_shore_b
Lair:2:   nzn_winding_woodlands_large [nzn_winding_woodlands_5x5_perimeter,
          nzn_winding_woodlands_5x15_concentric,
          nzn_winding_woodlands_5x5_open_star,
          nzn_winding_woodlands_center_lodge,
          nzn_winding_woodlands_15x15_thick_spiral,
          nzn_winding_woodlands_center_pierced_h,
          nzn_winding_woodlands_5x5_three,
          nzn_winding_woodlands_5x15_sidewinder,
          nzn_winding_woodlands_5x5_cross], layout_regular_city,
          minmay_shoals_entry_beasts, dummy_snake_entry, portal_ice_cave_rime,
          uniq_fannar
Lair:3:   layout_hall_layers, uniq_sonja
Lair:4:   pond_and_an_island_with_a_cottage, layout_long_grid, st_stairs_3,
          serial_bayou_shore_b
Lair:5:   layout_hall_layers
Lair:6:   hangedman_lair_caniforms_friends, layout_cave_pods,
          guppyfry_lair_end_dragon, minmay_slime_entry_pillars,
          amcnicky_altar_gilded, grunt_megastairs_5,
          infiniplex_staircase_pool_2, lemuel_fruit_tree
Snake:1:  layout_onion, serial_shops, shop, nicolae_snake_shapes,
          grunt_megastairs_4
Snake:2:  nicolae_snakescales, layout_grid_shapes, serial_bayou_pond_d,
          st_stairs_11, drop_trap, minmay_snake_pond, uniq_aizul
Snake:3:  layout_rooms, serial_shops, shop_statue, uniq_agnes
Orc:1:    layout_caves, uniq_harold
Orc:2:    st_orc_mages, layout_diamond_mine, basic_altar, bloody_trog,
          uniq_snorg
Elf:1:    minmay_elf_arrival_summoners, layout_loops_cross, minivault_28,
          minmay_shoptagon, uniq_frances

Skill      XL: |  1  2  3  4  5  6  7  8  9 10 11 12 13 14 15 16 |
---------------+-------------------------------------------------+-----
Shields        | 1 2 3 4 |  4.0
Spellcasting   | 3 4 5 6 7 8 9 10 11 | 11.8
Ice Magic      | 5 6 7 8 9 10 11 12 | 12.0
Stealth        | 4 5 7 10 11 13 14 16 17 | 17.3
Fighting       | 1 2 4 5 7 8 9 10 11 | 11.6
Staves         | 1 |  1.1
Dodging        | 2 3 5 6 7 8 9 |  9.5
Summonings     | 1 2 |  2.0
Transmutations | 2 4 6 |  6.9
Earth Magic    | 4 5 6 |  6.3
Necromancy     | 3 4 |  4.2
Long Blades    | 1 |  1.5
Armour         | 2 |  2.9

Action                   |  1- 3 |  4- 6 |  7- 9 | 10-12 | 13-15 | 16-18 || total
-------------------------+-------+-------+-------+-------+-------+-------++-------
Melee: Club              |     5 |     6 |       |       |       |       ||    11
       Staff             |       |    15 |    35 |       |       |       ||    50
       Falchion          |       |       |    35 |       |       |       ||    35
       Long sword        |       |       |    64 |   380 |   567 |    70 ||  1081
       Unarmed           |       |       |       |    12 |    12 |       ||    24
       Constrict         |       |       |       |       |   164 |    19 ||   183
Throw: Dart              |       |       |       |     7 |     2 |       ||     9
 Cast: Freeze            |    55 |    33 |    92 |   164 |    60 |       ||   404
       Frozen Ramparts   |     1 |     9 |    38 |    70 |    88 |     7 ||   213
       Ozocubu's Armour  |       |     1 |    11 |    52 |    73 |     4 ||   141
       Summon Ice Beast  |       |       |     7 |    67 |   318 |    11 ||   403
       Ice Form          |       |       |       |     1 |     1 |       ||     2
       Simulacrum        |       |       |       |       |     4 |     7 ||    11
Invok: Curse Item        |       |       |     4 |     2 |     1 |       ||     7
 Abil: Spit Poison       |       |       |       |     9 |     3 |       ||    12
Evoke: Wand              |       |       |       |     4 |     1 |       ||     5
       Condenser vane    |       |       |       |       |     2 |       ||     2
  Use: Scroll            |       |     1 |     3 |    12 |    18 |     2 ||    36
       Potion            |       |       |     7 |       |     7 |       ||    14
 Stab: Sleeping          |     1 |     1 |     4 |    15 |    14 |     4 ||    39
       Distracted        |       |       |     1 |     6 |    13 |       ||    20
       Confused          |       |       |       |       |     2 |       ||     2
Armor: Robe              |     5 |     6 |   124 |   290 |   406 |    21 ||   852
       Skin              |       |       |       |    10 |     4 |       ||    14
Dodge: Dodged            |    19 |    23 |   134 |   379 |   706 |    57 ||  1318
Block: Buckler           |     2 |    10 |    64 |   150 |   257 |    23 ||   506
       Rpst.: Falchion   |       |       |    11 |       |       |       ||    11
       Long sword        |       |       |    18 |    84 |   163 |     9 ||   274
